Mecha, neutral male human Wizard ------------------- -------------------------------- |.................| |^....................|........ |.---------------.|---------------------.|......................... |...............|...................^....|-------------..-----... # -------------.{.|.|---------------------.|..........|.....|.... # ------------|...|.| --------------------.|.-------..|..^..|.. # |.........).|----[--|....................(.| |..|....... # |.-----..---|...^...|----------------------- |..|..... # |.| |..| ------..------------------------------..|.... # |.| |..| |..................................|... # |.|----.%| |..------------------------------..|-[ # |.||.....| |..|............................|..|.. # |.||...--- |II---..........................|.(|. ####* .* |.||...| --...|.(...........<..............)| ### **%*. |.|----- --- |...|..........................|(.| # * |.-------------.---...----------------------------..| ### # |..........................................E@.......| ###### ----------------------------------------------------- Mecha the Magician Experience level: 10 Strength: 12 Dexterity: 10 Constitution: 18 Intelligence: 18 Wisdom: 14 Charisma: 10 Health: 0(84) Energy: 125(127) AC: -1 Gold: 0 Moves: 16814 Your Inventory: Weapons u - 5 uncursed +0 daggers (in quiver) T - an uncursed +1 dagger (weapon in hand) Armor b - a blessed +0 cloak of magic resistance (being worn) m - a cursed -1 dwarvish mithril-coat (being worn) q - an uncursed +0 pair of hard shoes of displacement [iron] (being worn) s - an uncursed +2 leather hat [elven leather helm] (being worn) C - an uncursed +0 Hawaiian shirt (being worn) Scrolls i - an [uncursed] scroll labeled KO BATE [of stinking cloud] k - an uncursed scroll labeled VERR YED HORRE [of taming] n - an [uncursed] scroll labeled HACKEM MUCHE [of destroy armor] K - an uncursed scroll of teleportation N - 2 uncursed scrolls called earth [of earth] Q - an uncursed scroll labeled KIRJE [of charging] R - an uncursed scroll labeled VAS CORP BET MANI [of remove curse] V - an uncursed scroll labeled ANDOVA BEGARIN [of flood] W - 2 uncursed scrolls labeled ABRA KA DABRA [of identify] Potions f - a blessed potion of paralysis g - a blessed potion of extra healing j - an uncursed silver potion [of see invisible] p - a blessed fizzy potion [of object detection] x - a blessed steamy potion [of levitation] z - an uncursed potion of speed Rings e - an uncursed +3 ring of gain constitution (on right hand) P - an uncursed ring of slow digestion (on left hand) Wands c - an uncursed wand of probing (0:7) d - an uncursed wand of magic missile [0:0] h - an uncursed wand of striking [0:2] l - a blessed wand of striking [0:4] o - an uncursed wand called not revealed by engraving [of nothing (0:7)] r - an uncursed wand of striking [0:1] v - an uncursed wand called makes engraving vanish [of make invisible (0:4)] A - a cursed wand of digging [0:4] G - an uncursed wand of striking [0:0] L - an uncursed wand of magic missile [0:4] S - an uncursed wand of teleportation [0:7] Tools t - an uncursed [+0] unicorn horn B - 2 [uncursed tallow] candles D - a blessed [magic] lamp called magic (lit) E - an uncursed towel Z - an [uncursed] bag [sack] Gems F - an [uncursed] yellow gem [worthless glass] Contents of the sack: an uncursed [stale] egg 2 uncursed fortune cookies 2 uncursed pancakes 3 uncursed slime molds an [uncursed] tin [of cave spider meat] an uncursed luminescent potion [of monster detection] an uncursed looking glass [mirror] an uncursed tinning kit [0:99] 2 [uncursed] red gems [jasper] an uncursed stone called luckstone [luckstone] Spells known in the end: Name Level Category Fail Memory a - force bolt 1 attack 58% [||......] b - sleep 1 enchantment 58% [||......] Your skills at the end: Fighting Skills Weapon Skills dagger [Expert / Expert] quarterstaff [Basic / Expert] Spellcasting Skills attack spells [Basic / Expert] enchantment spells [Basic / Skilled] Final Attributes: You were piously aligned. Hunger level was 727. Your alignment was 92 / 94. Monster difficulty range was 1 - 10. Level difficulty was 10. You were magic-protected. You were telepathic. You were displaced. You had slower digestion. Your luck was zero. You are dead. Vanquished creatures: a ghost a large mimic a fire elemental 3 small mimics 2 rodents of unusual size a warhorse a xan a giant turtle a gelatinous cube a freezing sphere a shocking sphere a dwarf king a tengu a leocrotta a cobra 2 soldiers a chameleon a giant beetle a cockatrice a spotted jelly 3 leprechauns 3 orc-captains 3 giant spiders a scorpion an ice vortex 3 gnome kings a dwarf mummy 4 yetis a lizard 5 dingos 2 housecats a dwarf lord 3 blue jellies a white unicorn 3 dust vortices a snake 5 apes a rope golem 3 soldier ants a bugbear a water nymph 4 mountain nymphs 15 Mordor orcs 8 Uruk-hai 4 orc shamans 5 rock piercers an enormous rat a rock mole a pony a fog cloud 5 yellow lights a shrieker a violet fungus 14 gnome lords 2 gnomish wizards 2 kobold mummies a black naga hatchling 2 guardian naga hatchlings a gray ooze 3 barrow wights an elf zombie 3 ghouls 2 straw golems a paper golem a wax golem a baby crocodile 10 giant ants 7 floating eyes 2 kittens 20 dwarves 3 homunculi 3 kobold lords a kobold shaman 16 hill orcs a rothe 2 centipedes a giant bat 2 monkeys 5 orc zombies 6 dwarf zombies a wererat a werejackal 8 iguanas 7 killer bees 3 acid blobs 4 gas spores 7 hobbits 10 manes 2 large kobolds 6 hobgoblins 2 giant rats 13 cave spiders 5 brown molds a yellow mold 4 green molds 78 gnomes 2 garter snakes 3 gnome zombies 7 geckos 6 jackals 4 foxes 2 kobolds 14 goblins 7 grid bugs 8 lichens 2 kobold zombies 4 newts 442 creatures vanquished. Voluntary challenges: You used a wielded weapon 628 times. You read items or engraved 35 times. You put on armor 26 times. You never genocided any monsters. You never polymorphed an object. You never changed form. You used no wishes. You wrote Elbereth's name 18 times. You never encountered a bones level. You never used any Sokoban shortcuts. Dungeon overview: The Dungeons of Doom: levels 1 to 6 Level 1 an altar to Thoth a long staircase Level 2 a fountain stairs to The Gnomish Mines Level 3 a general store Level 4 an altar to Thoth, a fountain, a sink Level 5 many fountains Level 6 stairs to Sokoban The Gnomish Mines: levels 3 to 10 Level 3 stairs to The Dungeons of Doom Level 5 many shops, a temple, a magic chest, some fountains Level 10 <- You were here a fountain Sokoban: levels 4 to 5 Level 5 a magic chest stairs to The Dungeons of Doom History has recorded: On T:1 you entered the Dungeons of Doom to retrieve the Amulet of Yendor! On T:374 you reached level 2 of The Dungeons of Doom. On T:424 you reached level 1 of The Gnomish Mines. On T:427 you advanced to experience level 2. On T:457 you advanced to experience level 3. On T:527 you advanced to experience level 4. On T:1047 you advanced to experience level 5. On T:1404 you reached level 3 of The Dungeons of Doom. On T:2422 you advanced to experience level 6. On T:2609 you reached level 4 of The Dungeons of Doom. On T:4068 you reached level 5 of The Dungeons of Doom. On T:4120 you advanced to experience level 7. On T:5776 you reached level 6 of The Dungeons of Doom. On T:5800 you advanced to experience level 8. On T:6206 you reached level 3 of Sokoban. On T:6960 you reached level 2 of Sokoban. On T:8389 you advanced to experience level 9. On T:8437 you reached level 2 of The Gnomish Mines. On T:8541 you reached level 3 of The Gnomish Mines. On T:9905 you reached level 4 of The Gnomish Mines. On T:10088 you reached level 5 of The Gnomish Mines. On T:10681 you advanced to experience level 10. On T:11897 you reached level 7 of The Gnomish Mines. On T:12057 you reached level 8 of The Gnomish Mines. On T:12341 you reached level 6 of The Gnomish Mines. Latest messages: The sleep ray hits the ogre lord. [HP+1=25] Something is written here in the dust. You read: "E|ber? n". You see here a pick-axe. You hit the ogre lord! [HP+1=26] You hit the ogre lord! (2x) You hear a distant squeak. The black naga bites! [HP-7=19] You hit the ogre lord! The black naga bites! [HP-3=16] The black naga strikes at your displaced image and misses you! [HP+1=17] You write "Elbereth" with your fingers into the dust. The black naga turns to flee! You hit the black naga! [HP+1=18] You are hit by a splash of venom! It burns! [HP-8=10] The water elemental hits! You die... Final status: Goodbye Mecha the Wizard... You died in The Gnomish Mines on dungeon level 10 with 998 points, and 0 pieces of gold, after 16814 moves. You were level 10 with a maximum of 84 hit points when you died.